 Dungeon Crawl Stone Soup version 0.24-a0-284-g9fb9971df1 (webtiles) character file.

Game seed: 12007007467117538617

110 HAL9000 the Vexing (level 4, -1/21 HPs)
             Began as a Vine Stalker Enchanter on May 5, 2019.
             Slain by Natasha (8 damage)
             ... on level 2 of the Dungeon.
             The game lasted 00:03:45 (1922 turns).

HAL9000 the Vexing (Vine Stalker Enchanter)         Turns: 1922, Time: 00:03:46

Health: -1/21      AC:  2    Str: 11    XL:     4   Next: 91%
Magic:  0/8        EV: 12    Int: 16    God:
Gold:   78         SH:  0    Dex: 14    Spells: 4/7 levels left

rFire    . . .     SeeInvis .   a - +1 dagger
rCold    . . .     Gourm    .   (no shield)
rNeg     . . .     Faith    .   b - +0 robe
rPois    .         Spirit   +   (no helmet)
rElec    .         Reflect  .   (no cloak)
rCorr    .         Harm     .   (no gloves)
MR       .....                  (no boots)
Stlth    ++........             (no amulet)
HPRegen  0.47/turn              (no ring)
MPRegen  0.11/turn              (no ring)

@: no status effects
A: fangs 2, regeneration 1, magic shield, antimagic bite, no potion heal 3, rot
immunity
a: no special abilities


You were on level 2 of the Dungeon.
You were not hungry.

You visited 1 branch of the dungeon, and saw 2 of its levels.

You collected 78 gold pieces.

Inventory:

Hand Weapons
 a - a +1 dagger (weapon)
Missiles
 i - 2 curare-tipped needles
Armour
 b - a +0 robe (worn)
Jewellery
 l - an uncursed ring of resist corrosion
Scrolls
 c - a scroll of remove curse {unknown}
 g - 3 scrolls of identify {unknown}
 h - 3 scrolls of fog {unknown}
 j - a scroll of magic mapping {unknown}
Potions
 e - a potion of mutation {unknown}
 f - a potion of degeneration {unknown}
 k - a potion of curing {unknown}
Comestibles
 d - 4 rations
 m - a chunk of flesh


   Skills:
 + Level 2.3 Short Blades
 - Level 1.5 Dodging
 - Level 3.6 Stealth
 - Level 2.1 Spellcasting
 + Level 4.7 Hexes


You had 4 spell levels left.
You knew the following spells:

 Your Spells              Type           Power        Failure   Level  Hunger
a - Corona                Hex            ###....      2%          1    #......
b - Ensorcelled Hibernat  Hex/Ice        #.....       12%         2    ###....

Your spell library contained the following spells:

 Spells                   Type           Power        Failure   Level  Hunger
 Confuse                  Hex            ###.....     9%          3    ###....
 Tukima's Dance           Hex            ###.....     9%          3    ###....
 Dazzling Spray           Conj/Hex       #.....       22%         3    ###....


Dungeon Overview and Level Annotations

Branches:
Dungeon (2/15)

Altars:

Annotations:
D:2 Natasha


Innate Abilities, Weirdness & Mutations

You have extremely sharp teeth.
Your natural rate of healing is unusually fast.
When hurt, damage is shared between your health and your magic reserves.
Your bite disrupts and absorbs the magic of your enemies.
Potions cannot restore your health.
You are immune to rotting.


Message History

Natasha misses you.
You closely miss Natasha. Your bite misses Natasha.
Natasha is heavily wounded.
Natasha misses you.
Casting: Ensorcelled Hibernation (safe; 12% risk of failure)
Confirm with . or Enter, or press ? or * to list all spells.
You don't have enough magic to cast that spell.
Unknown command.
You hit Natasha.
Natasha is heavily wounded.
Natasha claws you!
* * * LOW HITPOINT WARNING * * *
You closely miss Natasha.
Natasha is heavily wounded.
Natasha completely misses you.
You barely miss Natasha.
Natasha is heavily wounded.
Natasha hisses.
Natasha claws you!
You die...

########### #.........#
#.........#######
#................
#.........#....##
#.........###รท... .
###.#########..##
....####................
......h@.#.####.........
....######.###.......##.
. ###.......####..##
#....#####....[..#
#....# #.......# #..#.#
#........ ####.#
#........ #.# #........
#.#####........


You could see Natasha.

Vanquished Creatures
  Natasha (twice) (D:2)
  2 gnolls (D:2)
  A worm (D:2)
  A dart slug (D:2)
  3 leopard geckos
  3 bats
  4 giant cockroaches
  2 goblins (D:1)
  3 hobgoblins
  3 jackals
  2 quokkas (D:2)
  2 frilled lizards
  4 kobolds
  3 rats
35 creatures vanquished.

Notes
Turn   | Place    | Note
-------+----------+-------------------------------------------
     0 | D:1      | HAL9000 the Vine Stalker Enchanter began the quest for the
                  | Orb.
     0 | D:1      | Reached XP level 1. HP: 9/9 MP: 4/4
   219 | D:1      | Reached skill level 1 in Short Blades
   219 | D:1      | Reached XP level 2. HP: 6/13 MP: 1/6
   453 | D:1      | Learned a level 2 spell: Ensorcelled Hibernation
  1309 | D:2      | Reached skill level 4 in Hexes
  1309 | D:2      | Reached XP level 3. HP: 8/16 MP: 1/7
  1811 | D:2      | Gained mutation: Your natural rate of healing is unusually
                  | fast. [Vine Stalker growth]
  1811 | D:2      | Reached XP level 4. HP: 21/21 MP: 8/8
  1824 | D:2      | Noticed Natasha
  1842 | D:2      | Killed Natasha
  1875 | D:2      | Noticed Natasha
  1884 | D:2      | Killed Natasha
  1910 | D:2      | Noticed Natasha
  1922 | D:2      | Slain by Natasha

Levels and vault maps discovered:
D:1:      minmay_arrival_split_and_join, layout_basic, hangedman_decor_lopped
D:2:      layout_rooms, st_stairs_4, uniq_natasha

Skill      XL: |  1  2  3  4 |
---------------+-------------+-----
Short Blades   | 1 2 |  2.3
Hexes          | 4 |  4.7
Dodging        | |  1.5
Stealth        | |  3.6
Spellcasting   | |  2.1

Action                   |  1- 3 |  4- 6 || total
-------------------------+-------+-------++-------
Melee: Dagger            |    67 |    32 ||    99
       Bite              |    14 |     7 ||    21
 Cast: Corona            |     3 |       ||     3
       Ensorcelled Hiber |     9 |     6 ||    15
 Stab: Sleeping          |     8 |     1 ||     9
       Distracted        |     1 |       ||     1
  Eat: Chunk             |     3 |     1 ||     4
Armor: Robe              |     7 |     2 ||     9
Dodge: Dodged            |    47 |    13 ||    60

Table legend:
 A = Non-vault XP
 B = Vault XP
 C = Vault XP percentage of total XP
 D = Non-vault monster count
 E = Vault monster count
 F = Vault count percentage of total count
                 A         B        C        D         E       F
            +---------+---------+-------+---------+---------+-------
      Total |     119 |      39 |  24.7 |      32 |       3 |   8.6
            +---------+---------+-------+---------+---------+-------
        D:1 |      21 |       0 |   0.0 |      12 |       0 |   0.0
        D:2 |      98 |      39 |  28.5 |      20 |       3 |  13.0
            +---------+---------+-------+---------+---------+-------
